 Dungeon Crawl Stone Soup version 0.31-a0-986-g5e6e4ef867 (webtiles) character file.

Game seed: 3117250382091110199

98 avis the Ducker (level 4, 19/19 HPs)
             Began as a Felid Shapeshifter on Nov 19, 2023.
             Got out of the dungeon alive.
             The game lasted 00:08:06 (1426 turns).

avis the Ducker (Felid Shapeshifter)                Turns: 1426, Time: 00:08:07

Health: 19/19      AC:  1    Str: 10    XL:     4   Next: 43%
Magic:  5/5        EV: 20    Int: 11    God:
Gold:   56         SH:  0    Dex: 17    Spells: 3/3 levels left
                                        Lives:  1   Deaths: 1

rFire   . .          .
                       - Unarmed
rCold   . . .        (shield unavailable)
rNeg    . . .        (body armour unavailable)
rPois   .            (helmet unavailable)
rElec   .            (cloak unavailable)
rCorr   .            (gloves unavailable)
SInv    +            (boots unavailable)
Will    .....        (no amulet)
Stlth   ++           (no ring)
HPRegen 0.23/turn    (no ring)
MPRegen 0.09/turn

%: no passive effects
@: beast-form, quick
A: beast (slay +2), very small, claws 1, fangs 3, see invisible, speed 1, shaggy
fur 1, stealthy paws, no weapons or thrown items, no armour, multi-lived
a: Begin Untransformation


You escaped.
You were a hulking beast.
You visited 1 branch of the dungeon, and saw 2 of its levels.

You collected 56 gold pieces.

Inventory:

Talismans
 b - a beast talisman
 c - a flux talisman
Wands
 g - a wand of acid (4)
Scrolls
 h - a scroll of enchant weapon {unknown}
Potions
 a - a potion of lignification
 d - 2 potions of attraction {unknown}
 e - a potion of degeneration {unknown}
 f - a potion of brilliance {unknown}


   Skills:
 - Level 2.0 Fighting
 * Level 5.5 Dodging
 - Level 3.0 Unarmed Combat
 + Level 0.3 Evocations
 - Level 3.5 Shapeshifting


You had 3 spell levels left.
You didn't know any spells.
Your spell library was empty.

Dungeon Overview and Level Annotations

Branches:
Dungeon (2/15)

Altars:

Shops:
D:1 (


Innate Abilities, Weirdness & Mutations

You are a hulking beast.
Your limbs bulge with bestial killing power. (Slay +2)
You have sharp claws.
You have razor-sharp teeth.
You have supernaturally acute eyesight. (SInv)
You cover ground quickly. (Speed+)
You are covered in fur. (AC +1)
Your paws help you pounce on unaware monsters.
You are incapable of wielding weapons or throwing items.
You cannot wear armour.
You gain extra lives every three experience levels.


Message History

The gnoll shouts!
You see here 5 gold pieces.
You now have 56 gold pieces (gained 5).
The gnoll misses you.
You scratch the gnoll.
The gnoll is moderately wounded.
The gnoll hits you with a +0 flail!
You scratch the gnoll.
The gnoll is heavily wounded.
The gnoll barely misses you.
You scratch the gnoll but do no damage.
The gnoll is heavily wounded.
The gnoll hits you with a +0 flail.
You completely miss the gnoll.
The gnoll is heavily wounded.
You closely miss the gnoll. Your bite misses the gnoll.
The gnoll is heavily wounded.
The gnoll misses you.
You scratch the gnoll.
The gnoll is almost dead.
The gnoll hits you with a +0 flail.
* * * LOW HITPOINT WARNING * * *
The gnoll attacks as it pursues you! The gnoll hits you with a +0 flail.
* * * LOW HITPOINT WARNING * * *
The gnoll attacks as it pursues you! The gnoll hits you with a +0 flail!
You die...
Your shape twists and changes as you die.
You rejoin the land of the living...
Found a scroll labelled EDGHEL ROFFOT.
h - a scroll labelled EDGHEL ROFFOT
There is a stone staircase leading down here.
There is a stone staircase leading up here.
You climb upwards.
There is a stone staircase leading down here.
You enter the shallow water.
Moving in this stuff is going to be slow.
You enter the shallow water.
Moving in this stuff is going to be slow.
There is a staircase leading out of the dungeon here.
You have escaped!

.#......#........######..........
........####.....#....#.........#
........#♣♣♣....................#
...###♣♣♣♣P♣♣♣♣..................
...# ♣♣~~~~~~~♣♣.............##..
..##♣♣~♣♣♣♣♣♣♣~♣♣#####.##.#..##..
###♣♣~♣♣~~~~P♣~P♣ #.##'#..##..
♣~♣♣~♣♣♣~♣♣~♣♣♣ ###.#.....##..
♣~♣~~♣P♣~♣~♣♣h♣##...#......+..
♣♣~♣~♣~~~~♣~♣~~♣.....#.....##..
♣P~♣~♣~♣P♣~~♣~♣♣.....##........
##♣♣~♣~♣~♣♣♣~♣♣~♣......##........
.# ♣~♣~♣♣~~~♣♣~♣♣................
.# ♣~♣♣~♣♣♣♣♣~♣♣.♣##.......#..#..
.# ♣♣~♣♣~~~~~♣♣~♣♣##.......+.....
.## ♣♣~♣♣♣♣♣♣♣~♣♣##........#..#..
..###♣♣~~~~~~.♣♣..'..............


There were no monsters in sight!

Vanquished Creatures
  5 gnolls
  A dart slug (D:1)
  2 bats (D:1)
  4 endoplasms
  A giant cockroach (D:2)
  2 goblins (D:1)
  4 hobgoblins
  12 jackals (D:1)
  2 quokkas (D:1)
  4 ball pythons
  2 frilled lizards (D:1)
  A kobold (D:2)
  4 rats
44 creatures vanquished.

Notes
Turn   | Place    | Note
-------+----------+-------------------------------------------
     0 | D:1      | avis the Felid Shapeshifter began the quest for the Orb.
     0 | D:1      | Reached XP level 1. HP: 9/9 MP: 2/2
    81 | D:1      | Reached skill level 3 in Dodging
   103 | D:1      | Reached XP level 2. HP: 11/12 MP: 3/3
   371 | D:1      | Reached XP level 3. HP: 7/16 MP: 4/4
   430 | D:1      | Found Quthreh's Antique Weapon Shop.
   700 | D:1      | Reached skill level 4 in Dodging
   922 | D:2      | Reached skill level 5 in Dodging
   922 | D:2      | Reached XP level 4. HP: 19/19 MP: 5/5
  1311 | D:2      | Slain by a gnoll
  1426 | D:$      | Got out of the dungeon alive.

Illustrated notes

Levels and vault maps discovered:
D:1:      nagdon_arrival_double_spiral, layout_basic, serial_shops, shop
D:2:      layout_loops_ring

Skill      XL: |  1  2  3 |
---------------+----------+-----
Dodging        | 3 5 |  5.5
Fighting       | 2 |  2.0
Unarmed Combat | |  3.0
Evocations     | |  0.3
Shapeshifting  | |  3.5

Action                     |  1- 3 |  4- 6 || total
---------------------------+-------+-------++-------
  Melee: Unarmed           |    83 |    23 ||   106
         Bite              |     9 |     1 ||    10
         Punch             |     2 |       ||     2
   Stab: Distracted        |     1 |       ||     1
         Sleeping          |     1 |       ||     1
 Armour: Skin              |    20 |    10 ||    30
  Dodge: Dodged            |    58 |    11 ||    69

Table legend: (Time is in decaauts)
 A = Elapsed time spent in this place.
 B = Non-inter-level travel time spent in this place.
 C = Inter-level travel time spent in this place.
 D = Time resting spent in this place.
 E = Time spent auto-exploring this place.
 F = Levels seen in this place.
 G = Mean time per level.
                   A        B        C        D        E       F      G
               +--------+--------+--------+--------+--------+-----+--------+
         Total |   1278 |   1095 |    183 |    200 |    445 |   2 |  639.0 |
       Dungeon |   1278 |   1095 |    183 |    200 |    445 |   2 |  639.0 |
               +--------+--------+--------+--------+--------+-----+--------+

Top non-repeatable levels by time:
     D:1: 949 daAuts
     D:2: 328 daAuts
